 Dungeon Crawl Stone Soup version 0.30.1-3-gfc49f6343a (webtiles) character file.

Game seed: 8170068071721449143

193195 GeoRichter the Impaler (level 18, -3/153 HPs)
             Began as a Demonspawn Hexslinger on Aug 4, 2023.
             Was an Elder of Lugonu.
             Hit by a javelin thrown by a merfolk javelineer (11 damage)
             ... on level 4 of the Shoals.
             The game lasted 01:27:28 (45203 turns).

GeoRichter the Impaler (Demonspawn Hexslinger)     Turns: 45203, Time: 01:27:28

Health: -3/153     AC: 25    Str: 17    XL:     18   Next: 6%
Magic:  0/29       EV: 10    Int: 19    God:    Lugonu [****..]
Gold:   810        SH:  8    Dex: 17    Spells: 18/19 levels left

rFire   + + .        b - +1 demon trident
rCold   + + .        U - +2 buckler
rNeg    + . .        C - +7 chain mail "Xovaamut" {-Cast rPois rC+ Dex+3}
rPois   +            i - +0 helmet
rElec   +            t - scarf {rC+ rF+}
rCorr   .            K - +2 pair of gloves {Str+3}
SInv    .            (boots unavailable)
Will    +....        w - amulet "Vifaicvo" {RegenMP rElec Slay+2} Stlth
                     I - ring "Jauppeif" {Fly rN+}
HPRegen 0.45/turn    Z - ring of protection from fire
MPRegen 0.82/turn

%: no spellcasting, guardian spirit
@: flying
A: hooves 3, molten scales 1, icemail 1, augmentation 2, magic shield, magic
regeneration, condensation shield
a: Renounce Religion, Depart the Abyss, Banish, Corrupt


You were on level 4 of the Shoals.
You worshipped Lugonu.
Lugonu was greatly pleased with you.
You visited 5 branches of the dungeon, and saw 29 of its levels.
You visited the Abyss 1 time.
You also visited: Ossuary and Ice Cave.

You collected 3186 gold pieces.
You spent 2376 gold pieces at shops.

Inventory:

Hand Weapons
 a - the +4 bardiche "Dodai" {venom, rElec rF++ MP+9 Stlth-}
   (You bought it in a shop on level 2 of the Dungeon)

   rF:        It greatly protects you from fire.
   rElec:     It insulates you from electricity.
   MP:        It affects your magic capacity (+9).
   Stlth:     It makes you less stealthy.
 b - a +1 demon trident (weapon)
   (You found it on level 2 of the Shoals)
Missiles
 r - 12 silver javelins
 v - 4 throwing nets {!f}
 X - 4 curare-tipped darts {!f}
Armour
 i - a +0 helmet (worn)
   (You found it on level 1 of the Dungeon)
 t - a scarf of resistance (worn)
   (You found it on level 3 of the Dungeon)
 C - the +7 chain mail "Xovaamut" (worn) {-Cast rPois rC+ Dex+3}
   (You took it off a spriggan on level 5 of the Lair of Beasts)

   Dex:       It affects your dexterity (+3).
   rC:        It protects you from cold.
   rPois:     It protects you from poison.
   -Cast:     It prevents spellcasting.
 D - +0 ice dragon scales
   (You found it in an ice cave)
 K - a +2 pair of gloves of strength (worn)
   (You found it on level 13 of the Dungeon)
 U - a +2 buckler (worn)
   (You took it off a spriggan on level 5 of the Lair of Beasts)
Jewellery
 q - a ring of protection from cold
   (You took it off a reaper in an ice cave)
 s - a ring of positive energy
   (You found it on level 11 of the Dungeon)
 w - the amulet "Vifaicvo" (around neck) {RegenMP rElec Slay+2}
   (You bought it in a shop on level 2 of the Orcish Mines)

   [amulet of magic regeneration]

   It increases your rate of magic regeneration.
   Slay:      It affects your accuracy & damage with ranged weapons and melee
   (+2).
   rElec:     It insulates you from electricity.
 I - the ring "Jauppeif" (left hand) {Fly rN+}
   (You found it on level 3 of the Shoals)

   [ring of flight]

   rN:        It protects you from negative energy.
   Fly:       It grants you flight.
 T - a ring of resist corrosion
   (You found it on level 10 of the Dungeon)
 Z - a ring of protection from fire (right hand)
   (You found it on level 5 of the Lair of Beasts)
Wands
 c - a wand of flame (21) (quivered)
   (You found it on level 5 of the Dungeon)
 f - a wand of mindburst (20)
   (You found it on level 12 of the Dungeon)
 y - a wand of roots (7)
   (You found it on level 11 of the Dungeon)
 E - a wand of paralysis (16)
   (You found it on level 6 of the Dungeon)
 F - a wand of polymorph (26)
   (You found it on level 7 of the Dungeon)
 P - a wand of digging (25)
   (You found it on level 8 of the Dungeon)
 W - a wand of quicksilver (2)
   (You found it on level 11 of the Dungeon)
Scrolls
 d - 9 scrolls of noise {!r}
 h - 7 scrolls of vulnerability {!r}
 k - 8 scrolls of teleportation {@r4}
 o - 7 scrolls of poison {!r}
 p - 7 scrolls of fog
 x - 5 scrolls of fear
 z - 3 scrolls of amnesia
 B - 3 scrolls of butterflies
 G - 3 scrolls of enchant armour
 J - 2 scrolls of silence
 L - 8 scrolls of blinking
 O - 2 scrolls of torment {!r}
Potions
 e - 4 potions of ambrosia
 g - 6 potions of haste {@q3}
 j - 9 potions of curing {@q1}
 l - a potion of heal wounds {@q2}
 m - 10 potions of lignification {!q}
 n - 7 potions of degeneration {!q}
 u - 3 potions of might
 H - 3 potions of brilliance
 M - 2 potions of invisibility
 N - 2 potions of berserk rage
 Q - 5 potions of mutation {!q}
 R - 6 potions of cancellation
 S - 6 potions of flight
Miscellaneous
 V - a box of beasts (inert)
   (You found it on level 12 of the Dungeon)
 Y - a phantom mirror (inert)
   (You bought it in a shop on level 2 of the Dungeon)


   Skills:
 + Level 16.9 Fighting
 - Level 17.7 Polearms
 - Level 1.7 Ranged Weapons
 - Level 9.6 Armour
 - Level 6.1 Dodging
 * Level 6.3 Shields
 - Level 1.0 Spellcasting
 - Level 4.7 Hexes
 - Level 15.4 Invocations
 + Level 11.9 Evocations


You had 18 spell levels left.
You knew the following spells:

 Your Spells              Type           Power      Damage    Failure   Level
a - Slow                  Hex            72%        N/A       24%         1

Your spell library contained the following spells:

 Spells                   Type           Power      Damage    Failure   Level
 Confusing Touch          Hex            18%        N/A       58%         3
 Ensorcelled Hibernation  Hex/Ice        18%        N/A       67%         2
 Apportation              Tloc           0%         N/A       86%         1
 Kiss of Death            Conj/Necr      0%         2d5       86%         1
 Summon Small Mammal      Summ           0%         N/A       86%         1
 Inner Flame              Hex/Fire       9%         N/A       88%         3
 Portal Projectile        Hex/Tloc       18%        N/A       88%         3
 Summon Guardian Golem    Hex/Summ       9%         N/A       88%         3
 Blink                    Tloc           0%         N/A       94%         2
 Lesser Beckoning         Tloc           0%         N/A       94%         2
 Momentum Strike          Conj/Tloc      0%         3d8       94%         2
 Passwall                 Tmut/Erth      0%         N/A       94%         2
 Poisonous Vapours        Pois/Air       0%         N/A       94%         2
 Cause Fear               Hex            9%         N/A       94%         4
 Call Canine Familiar     Summ           0%         N/A       99%         3
 Frozen Ramparts          Ice            0%         1d1       99%         3
 Gell's Gravitas          Tloc           0%         N/A       99%         3
 Mephitic Cloud           Conj/Pois/Air  0%         N/A       99%         3
 Swiftness                Air            0%         N/A       99%         3
 Teleport Other           Tloc           0%         N/A       99%         3
 Vhi's Electric Charge    Tloc/Air       0%         N/A       99%         3
 Animate Armour           Summ/Erth      0%         N/A       100%        4
 Dispel Undead            Necr           0%         3d6       100%        4
 Ice Form                 Ice/Tmut       0%         N/A       100%        4
 Petrify                  Tmut/Erth      0%         N/A       100%        4
 Summon Ice Beast         Ice/Summ       0%         N/A       100%        4
 Alistair's Intoxication  Tmut/Pois      0%         N/A       100%        5
 Arcjolt                  Conj/Air       0%         1d10      100%        5
 Blade Hands              Tmut           0%         N/A       100%        5
 Freezing Cloud           Conj/Ice/Air   0%         6-21      100%        5
 Iskenderun's Battlesphe  Conj           0%         2d6       100%        5
 Metabolic Englaciation   Hex/Ice        4%         N/A       100%        5
 Dispersal                Tloc           0%         N/A       100%        6
 Iron Shot                Conj/Erth      0%         9d1       100%        6
 Statue Form              Tmut/Erth      0%         N/A       100%        6
 Malign Gateway           Summ/Tloc      0%         N/A       100%        7
 Spellforged Servitor     Conj/Summ      0%         N/A       100%        7
 Maxwell's Capacitive Co  Air            0%         ∞         100%        8
 Summon Horrible Things   Summ           0%         N/A       100%        8


Dungeon Overview and Level Annotations

Branches:
Dungeon (15/15) Zot: 23132  Temple (0/1) D:7            Lair (5/5) D:10 Zot: 20829
 Shoals (4/4) Lair:2 Zot: 16006   Snake (3/4) Lair:2 Zot: 12057   Slime (0/5) Lair:4
    Orc (2/2) D:10 Zot: 8397     Elf (0/3) Orc:2        Vaults (0/5) D:14
 Depths (0/4) D:15        Ossuary (visited)           IceCv (visited)

Altars:
Ashenzari
Cheibriados
Dithmenos
Fedhas
Hepliaklqana
Makhleb
Nemelex Xobeh
Okawaru
Sif Muna
Uskayaw
Jiyva

Shops:
D:2 *   D:10 (   Orc:2 (=!(   Shoals:4 *   Snake:1 (

Annotations:
D:7 1 runed translucent door
D:9 1 runed translucent door, jaiteiro's ghost, journeyman GrFi
Lair:4 2 transporters
Shoals:2 corrupted, Mlioglotl
Abyss:1 Polyphemus


Innate Abilities, Weirdness & Mutations

You have hooves in place of feet.
You are partially covered in molten scales. (AC +2)
A meltable icy envelope protects you from harm. (AC +0)
Your magical and physical power is enhanced at high health.
When hurt, damage is shared between your health and your magic reserves.
You regenerate magic rapidly.
A meltable shield of frost defends you. (SH +0)


Message History

The merfolk impaler is engulfed in a cloud of scalding steam.
The merfolk javelineer moves out of view.
As you read the scroll of teleportation {@r4}, it crumbles to dust.
You feel strangely unstable.
You feel sick.
The merfolk javelineer throws a silver javelin.
The silver javelin pierces through you!
* * * LOW HITPOINT WARNING * * *
The silver sears you!
* * * LOW HITPOINT WARNING * * *
You block the merfolk's attack. The merfolk impaler barely misses you.
The merfolk impaler hits you but does no damage.
You are more poisoned.
You feel sick.
The merfolk aquamancer closely misses you.
The merfolk javelineer throws a silver javelin.
The silver javelin pierces through you.
* * * LOW HITPOINT WARNING * * *
The silver sears you!
* * * LOW HITPOINT WARNING * * *
The merfolk hits you but does no damage.
You feel much better.
You feel sick. You block the merfolk impaler's attack.
The merfolk aquamancer gestures at you while chanting.
The ball of steam hits you. You resist.
* * * LOW HITPOINT WARNING * * *
The merfolk javelineer throws a silver javelin.
The silver javelin closely misses you. The merfolk impaler closely misses you.
The merfolk hits you from afar with a +0 trident.
* * * LOW HITPOINT WARNING * * *
The merfolk aquamancer attacks as you move away!
The merfolk aquamancer closely misses you.
You feel sick.
The merfolk aquamancer casts a spell at you.
The shard of ice hits you!! You partially resist.
* * * LOW HITPOINT WARNING * * *
The merfolk impaler hits you but does no damage.
You are more poisoned.
Your surroundings suddenly seem different.
You feel very sick.
You start resting.
You feel very sick. x2
The merfolk javelineer throws a javelin.
The javelin pierces through you!
* * * LOW HITPOINT WARNING * * *
* * * LOW HITPOINT WARNING * * *
You feel sick.
Unknown command.
You feel better.
The merfolk javelineer throws a javelin.
The javelin pierces through you!
You die...

#≈≈≈≈≈≈~~~~~≈≈≈≈≈≈...
#≈≈≈≈≈≈~~~m~~~~~~..#.
#≈≈≈≈≈≈~~~~~.......#.
#≈≈≈≈≈≈~~~~........#.
#≈≈≈≈≈≈~~~...........
#≈≈≈≈≈~~~..........#.
#≈≈≈≈≈# #(.......#.
#≈≈≈≈# ##.?.......
#≈≈≈@# #m......#.
#≈≈≈≈# #.........
#≈≈≈≈# #.E.......
#≈≈≈≈# ##...km....
#≈≈≈≈≈ ##~~....(m..
#≈≈≈≈≈ ~~~~~~...(.~~.
#≈≈≈≈≈ ≈≈≈≈~~.....~~÷
#≈≈≈≈≈≈≈≈≈≈~~...<.~~~
≈≈≈≈~~~~...~~~


You could see a merfolk javelineer.

Vanquished Creatures
  Rupert (Snake:1)
  A tentacled monstrosity (Shoals:3)
  Kirke (Snake:2)
  2 nagarajas (Snake:3)
  A reaper (IceCv)
  An orc warlord (Orc:2)
  2 eleionomae (Shoals:1)
  The ghost of Plommelars the Severer, a journeyman MiBe of Trog (D:11)
  2 ettins
  4 merfolk javelineers (Shoals:4)
  8 merfolk impalers
  A great orb of eyes (Shoals:3)
  Erolcha (D:10)
  5 hydras
  2 catoblepae
  A merfolk avatar (Shoals:4)
  2 salamander tyrants (Snake:2)
  3 ogre magi
  2 boulder beetles
  2 anacondas
  4 centaur warriors
  Erica (Orc:1)
  2 merfolk aquamancers
  A death knight (D:15)
  An alligator snapping turtle (Shoals:4)
  3 satyrs
  3 naga warriors
  8 death yaks
  13 two-headed ogres
  Urug (Orc:1)
  2 tengu warriors
  A hell knight (D:15)
  5 shock serpents
  11 naga sharpshooters
  An orc high priest (Orc:1)
  Amaemon (D:10)
  3 skysharks
  5 skeletal warriors
  19 sea snakes
  2 salamander mystics (Snake:3)
  3 deep trolls
  2 naga ritualists
  A wizard (D:15)
  20 harpies
  6 mana vipers
  A deep elf pyromancer (D:15)
  5 salamanders
  2 orc sorcerers
  A salamander (shapeshifter) (D:15)
  12 manticores
  9 fauns
  3 ugly things (D:15)
  7 cyclopes
  10 merfolk sirens
  5 guardian serpents
  11 elephants
  17 slime creatures
  20 black mambas
  2 ice statues (IceCv)
  9 water nymphs
  12 cane toads
  2 apocalypse crabs (Shoals:3)
  9 naga magi
  A torpor snail (Lair:5)
  3 centaur skeletons (D:14)
  2 orange demons
  An unseen horror (D:11)
  2 rime drakes (Lair:4)
  3 freezing wraiths
  4 kobold demonologists
  9 komodo dragons
  A tengu conjurer (D:15)
  4 ice devils (IceCv)
  2 efreet
  An anaconda simulacrum (IceCv)
  21 merfolk
  12 trolls
  3 meliai (D:14)
  2 hornets (Lair:5)
  4 polar bears
  7 wind drakes
  5 snapping turtles
  9 blink frogs
  Prince Ribbit (D:9)
  Grinder (D:3)
  5 dream sheep
  4 centaur simulacra (D:11)
  9 spriggans
  3 shadows
  4 wyverns
  A vampire (D:12)
  13 water elementals
  4 wraiths
  43 yaks
  A human (D:12)
  2 basilisks
  8 vampire mosquitoes
  A death yak simulacrum (IceCv)
  3 wargs
  An acid dragon (D:11)
  21 nagas
  Menkaure (D:7)
  Duvessa (D:7)
  18 water moccasins
  7 black bears
  20 orc warriors
  23 ogres
  4 ice beasts
  5 boggarts
  27 wolves
  9 centaurs
  A phantom (D:6)
  A kobold brigand (D:14)
  A necrophage (D:5)
  3 two-headed ogre simulacra (IceCv)
  A gnoll sergeant (D:9)
  15 bullfrogs
  A cane toad simulacrum (IceCv)
  14 scorpions
  5 wights
  2 elephant simulacra (IceCv)
  5 killer bees (D:10)
  Dowan (D:7)
  3 electric eels
  2 howler monkeys
  A crimson imp (D:12)
  A centaur zombie (Ossuary)
  A human zombie (Ossuary)
  3 jellies
  13 orc priests
  6 hounds
  Ijyb (D:3)
  2 iguanas
  19 orc wizards
  6 scorpion zombies (Ossuary)
  A boggart skeleton (D:14)
  A troll simulacrum (IceCv)
  2 wolf simulacra (IceCv)
  4 mummies
  A hound skeleton (D:5)
  4 adders
  12 gnolls
  2 naga simulacra (IceCv)
  4 shadow imps
  11 white imps
  2 ufetubi
  2 dart slugs
  47 orcs
  5 ball pythons
  10 bats
  7 endoplasms
  4 giant cockroaches
  2 gnoll zombies (Ossuary)
  4 goblins
  9 hobgoblins
  8 jackals
  10 kobolds
  4 quokkas
  A frilled lizard (D:2)
  2 goblin zombies (Ossuary)
  2 kobold zombies (Ossuary)
  2 orc zombies (Ossuary)
  5 rats
  3 tentacles (Shoals:4)
914 creatures vanquished.

Vanquished Creatures (collateral kills)
  An orc warlord (Orc:1)
  A merfolk javelineer (Shoals:4)
  2 hydras (Lair:2)
  A merfolk aquamancer (Shoals:4)
  A skyshark (Lair:5)
  A sea snake (Shoals:4)
  Pikel (D:7)
  A manticore (Shoals:4)
  5 elephants
  A torpor snail (Lair:2)
  A cane toad (Lair:5)
  An ice devil (IceCv)
  A freezing wraith (D:15)
  A polar bear (Lair:5)
  A hornet (Lair:5)
  2 blink frogs
  2 dream sheep (Lair:5)
  3 spriggans (Lair:5)
  A vampire (D:9)
  4 yaks
  A basilisk (Lair:5)
  A warg (Orc:1)
  A water moccasin (Lair:4)
  2 black bears
  2 ogres (Orc:1)
  2 orc warriors (Orc:1)
  6 wolves
  2 lemures (D:7)
  4 bullfrogs
  An elephant simulacrum (IceCv)
  3 orc priests (Orc:1)
  3 orc wizards
  A troll simulacrum (IceCv)
  6 white imps
  An ufetubus (IceCv)
  11 orcs
79 creatures vanquished.

Vanquished Creatures (others)
  2 merfolk impalers (Shoals:2)
  A merfolk aquamancer (Shoals:4)
  A naga sharpshooter (Snake:2)
  A skyshark (Shoals:2)
  A sea snake (Shoals:2)
  10 harpies (Shoals:2)
  A cyclops (Shoals:2)
  3 fauns (Shoals:2)
  A salamander (Snake:2)
  A manticore (Shoals:2)
  A merfolk siren (Shoals:2)
  A water nymph (Shoals:2)
  5 merfolk (Shoals:2)
  A troll (Orc:1)
  A wind drake (Shoals:2)
  2 snapping turtles (Shoals:2)
  2 dream sheep (Shoals:2)
  An orc priest (Orc:2)
  5 starspawn tentacles (Shoals:2)
  60 tentacles
101 creatures vanquished.

Grand Total: 1094 creatures vanquished

Notes
Turn   | Place    | Note
-------+----------+-------------------------------------------
     0 | D:1      | GeoRichter the Demonspawn Hexslinger began the quest for
                  | the Orb.
     0 | D:1      | Reached XP level 1. HP: 15/15 MP: 2/2
    88 | D:1      | Gained mutation: You regenerate magic rapidly. [demonic
                  | ancestry]
    88 | D:1      | Reached XP level 2. HP: 21/21 MP: 3/3
   580 | D:2      | Reached XP level 3. HP: 26/26 MP: 4/4
   610 | D:2      | Found a faded altar of an unknown god.
   787 | D:2      | Found Onody's Assorted Antiques.
  1391 | D:2      | Found a burning altar of Makhleb.
  1460 | D:2      | Became a worshipper of Makhleb the Destroyer
  1495 | D:3      | Noticed Ijyb
  1621 | D:3      | Reached skill level 1 in Polearms
  1621 | D:3      | Reached XP level 4. HP: 31/32 MP: 5/5
  2020 | D:3      | Found a hide-covered altar of Uskayaw.
  2073 | D:3      | HP: 1/32 [constriction (5)]
  2351 | D:3      | Noticed Grinder
  2517 | D:4      | Reached skill level 2 in Polearms
  2629 | D:4      | Reached skill level 3 in Polearms
  2629 | D:4      | Reached XP level 5. HP: 37/37 MP: 6/6
  2702 | D:4      | Reached * piety under Makhleb
  2948 | D:3      | Paralysed by Grinder for 5 turns
  2952 | D:3      | Killed Grinder
  2953 | D:3      | Reached skill level 5 in Polearms
  2953 | D:3      | Reached XP level 6. HP: 31/43 MP: 7/7
  3346 | D:4      | Found a sparkling altar of Nemelex Xobeh.
  3764 | D:5      | Entered Level 5 of the Dungeon
  3871 | D:5      | Noticed a water moccasin
  3887 | D:5      | Killed a water moccasin
  3888 | D:5      | Reached skill level 6 in Polearms
  3888 | D:5      | Gained mutation: You are partially covered in molten
                  | scales. (AC +2) [demonic ancestry]
  3888 | D:5      | Reached XP level 7. HP: 47/48 MP: 8/8
  4135 | D:5      | Found a burning altar of Makhleb.
  4441 | D:5      | Found a shadowy altar of Dithmenos.
  4489 | D:5      | Reached skill level 7 in Polearms
  4489 | D:5      | Reached skill level 1 in Invocations
  5132 | D:6      | Gained mutation: A meltable shield of frost defends you.
                  | (SH +0) [demonic ancestry]
  5132 | D:6      | Reached XP level 8. HP: 33/54 MP: 9/9
  5212 | D:3      | Killed Ijyb
  5212 | D:3      | Reached ** piety under Makhleb
  5245 | D:2      | Bought a jewelled bardiche for 308 gold pieces
  5245 | D:2      | Identified the +4 bardiche "Dodai" {venom, rElec rF++ MP+9
                  | Stlth-} (You bought it in a shop on level 2 of the Dungeon)
  5389 | D:6      | Found a broken altar of Ashenzari.
  5506 | D:6      | Found a snail-covered altar of Cheibriados.
  5628 | D:6      | Found a shimmering blue altar of Sif Muna.
  5804 | D:7      | Noticed Duvessa
  5804 | D:7      | Noticed Dowan
  5845 | D:7      | Reached skill level 8 in Polearms
  5966 | D:7      | Killed Dowan
  6001 | D:7      | Found a sand-covered staircase.
  6007 | D:7      | Killed Duvessa
  6008 | D:7      | Reached skill level 5 in Invocations
  6083 | Ossuary  | Entered an ossuary
  6132 | Ossuary  | Reached skill level 9 in Polearms
  6232 | Ossuary  | Gained mutation: When hurt, damage is shared between your
                  | health and your magic reserves. [demonic ancestry]
  6232 | Ossuary  | Reached XP level 9. HP: 59/59 MP: 13/13
  6242 | Ossuary  | Reached *** piety under Makhleb
  6589 | D:7      | Found a hazy altar of Hepliaklqana.
  6609 | D:7      | Reached skill level 10 in Polearms
  6719 | D:7      | Found a staircase to the Ecumenical Temple.
  6780 | D:7      | Noticed Menkaure
  6781 | D:7      | Noticed Pikel
  6792 | D:7      | Killed Menkaure
  6796 | D:7      | Killed Pikel
  6925 | D:7      | Found a runed translucent door.
  6926 | D:7      | Noticed a sixfirhy
  7129 | D:8      | Noticed a two-headed ogre
  7139 | D:8      | Killed a two-headed ogre
  7140 | D:8      | Reached skill level 11 in Polearms
  7140 | D:8      | Gained mutation: You have large cloven feet. [demonic
                  | ancestry]
  7140 | D:8      | Reached XP level 10. HP: 63/65 MP: 16/16
  8039 | D:9      | Found a runed translucent door.
  8039 | D:9      | Noticed a death knight
  8039 | D:9      | Noticed jaiteiro's ghost (journeyman GrFi)
  8096 | D:9      | Identified the +10 dagger of Expedience {holy, rCorr}
  8153 | D:9      | Noticed Prince Ribbit
  8171 | D:9      | Killed Prince Ribbit
  9209 | D:10     | Entered Level 10 of the Dungeon
  9301 | D:10     | Reached skill level 1 in Armour
  9311 | D:10     | Reached skill level 12 in Polearms
  9793 | D:10     | Found a staircase to the Lair.
  9796 | D:10     | Found a blossoming altar of Fedhas.
  9806 | D:10     | Reached **** piety under Makhleb
  9810 | D:10     | Reached XP level 11. HP: 61/75 MP: 18/18
  9848 | D:10     | Noticed Erolcha
  9877 | D:10     | Killed Erolcha
 10083 | D:10     | Found a staircase to the Orcish Mines.
 10084 | D:10     | Found Awnopoer's Weapon Boutique.
 10084 | D:10     | Noticed Amaemon
 10117 | D:10     | Killed Amaemon
 10342 | D:10     | Reached skill level 13 in Polearms
 10863 | Lair:1   | Entered Level 1 of the Lair of Beasts
 10873 | Lair:1   | HP: 3/78 [black mamba (5)]
 11232 | Lair:1   | You fall into a shaft and drop 1 floor!
 11259 | Lair:1   | Reached skill level 5 in Fighting
 11304 | Lair:1   | Noticed a boulder beetle
 11311 | Lair:1   | Killed a boulder beetle
 11948 | Lair:1   | Reached skill level 5 in Armour
 12172 | Lair:1   | Reached skill level 14 in Polearms
 12324 | Lair:1   | Gained mutation: A meltable icy envelope protects you from
                  | harm. (AC +0) [demonic ancestry]
 12324 | Lair:1   | Reached XP level 12. HP: 71/88 MP: 19/19
 13019 | Lair:2   | Noticed a death yak
 13020 | Lair:2   | Noticed a death yak
 13030 | Lair:2   | Killed a death yak
 13038 | Lair:2   | Killed a death yak
 13043 | Lair:2   | Noticed a five-headed hydra
 13053 | Lair:2   | Killed a five-headed hydra
 13224 | Lair:2   | Noticed a death yak
 13224 | Lair:2   | Noticed a death yak
 13225 | Lair:2   | Noticed a death yak
 13225 | Lair:2   | Noticed a death yak
 13245 | Lair:2   | Killed a death yak
 13246 | Lair:2   | Killed a death yak
 13255 | Lair:2   | HP: 2/91 [death yak (16)]
 13256 | Lair:2   | Killed a death yak
 13881 | Lair:2   | Noticed a four-headed hydra
 13896 | Lair:2   | Killed a four-headed hydra
 13948 | Lair:2   | Killed a death yak
 14257 | Lair:2   | Found a staircase to the Snake Pit.
 14325 | Lair:2   | Found a staircase to the Shoals.
 14892 | Lair:3   | Noticed a six-headed hydra
 14908 | Lair:3   | Killed a two-headed hydra
 14909 | Lair:3   | Reached skill level 15 in Polearms
 15073 | Lair:3   | Gained mutation: You have hoof-like feet. [demonic
                  | ancestry]
 15073 | Lair:3   | Reached XP level 13. HP: 97/101 MP: 20/20
 15498 | Lair:3   | Reached skill level 10 in Fighting
 16194 | Lair:4   | Found a viscous altar of Jiyva.
 16194 | Lair:4   | Found a staircase to the Slime Pits.
 17058 | Lair:4   | Found a transporter.
 17256 | Lair:4   | Found a transporter.
 17648 | Lair:5   | Entered Level 5 of the Lair of Beasts
 17861 | Lair:5   | Found a frozen archway.
 17954 | IceCv    | Entered an ice cave
 18560 | IceCv    | Noticed a reaper
 18598 | IceCv    | Killed a reaper
 19170 | Lair:5   | Reached skill level 16 in Polearms
 19170 | Lair:5   | Reached XP level 14. HP: 75/113 MP: 17/21
 19763 | Lair:5   | Reached skill level 1 in Evocations
 19856 | Lair:5   | Identified the +7 chain mail "Xovaamut" {-Cast rPois rC+
                  | Dex+3}
 20295 | Lair:5   | Reached skill level 10 in Invocations
 20599 | Orc:1    | Entered Level 1 of the Orcish Mines
 20629 | Orc:1    | Noticed Urug
 20648 | Orc:1    | Killed Urug
 21022 | Orc:1    | Noticed Erica
 21027 | Orc:1    | Killed Erica
 21240 | Orc:2    | Entered Level 2 of the Orcish Mines
 21240 | Orc:2    | Found a staircase to the Elven Halls.
 21241 | Orc:2    | Found Liveuzif's Antique Weapon Boutique.
 21247 | Orc:2    | Reached ***** piety under Makhleb
 21313 | Orc:2    | Noticed an orc warlord
 21352 | Orc:2    | Killed an orc warlord
 21372 | Orc:2    | Found Lilej's Jewellery Shop.
 21608 | Orc:2    | Noticed an orc warlord
 23235 | Orc:2    | Paralysed by an ogre mage for 5 turns
 23252 | Orc:1    | Killed an orc warlord
 23465 | Orc:1    | Gained mutation: You have hooves in place of feet. [demonic
                  | ancestry]
 23465 | Orc:1    | Reached XP level 15. HP: 115/120 MP: 24/24
 23746 | Orc:1    | Paralysed by something for 3 turns
 23750 | Orc:1    | Reached skill level 17 in Polearms
 23798 | Orc:2    | Found Xaezats's Distillery.
 23820 | Orc:2    | Bought the amulet "Vifaicvo" {RegenMP rElec Slay+2} for 733
                  | gold pieces
 23834 | Orc:2    | Found Etuo's Weapon Boutique.
 23838 | Orc:2    | Bought a potion of heal wounds for 65 gold pieces
 23838 | Orc:2    | Bought a potion of haste for 130 gold pieces
 23838 | Orc:2    | Bought a potion of might for 52 gold pieces
 23838 | Orc:2    | Bought a potion of might for 52 gold pieces
 23838 | Orc:2    | Bought a potion of curing for 39 gold pieces
 23838 | Orc:2    | Bought a potion of curing for 39 gold pieces
 23838 | Orc:2    | Bought a potion of curing for 39 gold pieces
 23838 | Orc:2    | Bought a potion of curing for 39 gold pieces
 24472 | D:11     | Found a runed translucent gate.
 24472 | D:11     | Found a runed translucent gate.
 24472 | D:11     | Found a runed translucent gate.
 24833 | D:11     | Noticed Plommelars's ghost (journeyman MiBe)
 25414 | D:11     | Killed Plommelars's ghost
 25561 | D:11     | Identified the ring "Vasocw" {Fire rPois rN+ Int-4 Stlth+}
 25563 | D:11     | Identified the +6 arbalest "Soakk" {heavy, Int+3 Dex+5}
 25662 | D:12     | Found an iron altar of Okawaru.
 26821 | D:13     | You fall into a shaft and drop 2 floors!
 26821 | D:15     | Entered Level 15 of the Dungeon
 27768 | D:14     | Paralysed by something for 2 turns
 28332 | D:14     | Found a gate to the Vaults.
 28754 | Abyss:2  | Cast into level 2 of the Abyss (a wizard)
 28766 | Abyss:2  | Found a corrupted altar of Lugonu.
 28775 | Abyss:2  | Fell from the grace of Makhleb
 28775 | Abyss:2  | Became a worshipper of Lugonu the Unformed
 28775 | Abyss:2  | Reached * piety under Lugonu
 28775 | Abyss:2  | Reached ** piety under Lugonu
 28805 | D:15     | Escaped the Abyss
 29758 | D:15     | Found a staircase to the Depths.
 30636 | Snake:1  | Entered Level 1 of the Snake Pit
 30757 | Snake:1  | Reached XP level 16. HP: 81/134 MP: 25/27
 31401 | D:2      | Bought a phantom mirror for 880 gold pieces
 31671 | Snake:1  | Reached skill level 15 in Invocations
 31757 | Snake:1  | Noticed Rupert
 31773 | Snake:1  | Killed Rupert
 31774 | Snake:1  | Reached skill level 5 in Evocations
 31867 | Snake:1  | Reached skill level 15 in Fighting
 32333 | Snake:1  | Found Junushyo's Firing Range.
 33582 | Snake:3  | Noticed Kirke
 33592 | Snake:2  | Killed Kirke
 33602 | Snake:3  | Reached *** piety under Lugonu
 36910 | Shoals:1 | Entered Level 1 of the Shoals
 37024 | Shoals:1 | Reached skill level 5 in Dodging
 37078 | Shoals:1 | Gained mutation: Your magical and physical power is
                  | slightly enhanced at high health. [demonic ancestry]
 37078 | Shoals:1 | Reached XP level 17. HP: 127/144 MP: 28/28
 37820 | Shoals:1 | Reached **** piety under Lugonu
 38039 | Shoals:1 | Reached skill level 10 in Evocations
 38116 | Shoals:1 | Identified the +5 longbow "Eviscerator" {drain, Dex+3}
 38173 | Shoals:1 | Was forgiven by Makhleb
 38623 | Shoals:2 | Noticed Mlioglotl
 38752 | Shoals:2 | Corrupted Shoals:2
 38752 | Shoals:2 | Noticed a Hell Sentinel
 38752 | Shoals:2 | Noticed a bone dragon
 39156 | Shoals:2 | Identified the +6 spear "Miwnas" {freeze, SInv}
 39740 | Shoals:2 | Reached skill level 1 in Shields
 39840 | Shoals:3 | Noticed a kraken
 40268 | Shoals:3 | Noticed Polyphemus
 40512 | Shoals:2 | Noticed a kraken
 41698 | Shoals:3 | Banished Polyphemus
 42276 | Shoals:3 | Noticed a tentacled monstrosity
 42284 | Shoals:3 | Killed a tentacled monstrosity
 42289 | Shoals:3 | Got the Papyrus of Mad Ravings
 42291 | Shoals:3 | Identified the ring "Jauppeif" {Fly rN+}
 42444 | Shoals:4 | Entered Level 4 of the Shoals
 42444 | Shoals:4 | Found Ewabb's Assorted Antiques.
 42703 | Shoals:4 | Reached skill level 5 in Shields
 43725 | Shoals:4 | Noticed a kraken
 44578 | Shoals:4 | Gained mutation: Your magical and physical power is
                  | enhanced at high health. [demonic ancestry]
 44578 | Shoals:4 | Reached XP level 18. HP: 110/153 MP: 22/29
 45201 | Shoals:4 | HP: 4/153 [merfolk javelineer/javelin (8)]
 45203 | Shoals:4 | Hit by a javelin thrown by a merfolk javelineer

Illustrated notes

Levels and vault maps discovered:
D:1:      tarquinn_simple_flora_water_a, layout_rooms
D:2:      layout_loops_ring, shapermc_ecumenical_altar_totnotflames,
          basic_altar, serial_shops, shop, minivault_25
D:3:      layout_basic, nicolae_uskayaw_dance_hall, uniq_grinder, uniq_ijyb
D:4:      layout_loops_ring, mainiacjoe_overflow_cross_hatched
D:5:      layout_basic, mainiacjoe_overflow_tiny_flanked,
          makhleb_blood_cavern_becter, minmay_misc_feat_nine_boxes,
          kennysheep_generic_room_16
D:6:      layout_cave_pools, mainiacjoe_overflow_boulevard, led_sif_pool,
          kennysheep_mini
D:7:      cheibrodos_shockbox, layout_rooms, nicolae_overflow_hidden_temple,
          minmay_temple_entry_wispy, gup_ossuary_entry_pyramid, uniq_menkaure,
          uniq_duvessa, uniq_pikel
D:8:      layout_basic, minmay_crossroads
D:9:      hellmonk_crumbling_castle, layout_loops_ring,
          ebering_ghost_inner_flame, serial_co_window_serial, co_window_paths_a,
          co_window_corner_a, co_window_corner_a, co_window_cross_1,
          co_window_cross_1, co_window_paths_a, co_window_paths_a,
          co_window_corner_a, co_window_paths_a, co_window_2corner,
          co_window_corner_b, co_window_of_opportunity_b, glass_columns_a,
          glass_columns_a, glass_columns_a, glass_columns_b, uniq_prince_ribbit1
D:10:     layout_basic, overflow_temple_1_default, due_lair_maze_entry_diamond,
          orc_david_3, hangedman_decor_slide_cut, uniq_amaemon, uniq_erolcha
D:11:     layout_stronghold, gammafunk_ghost_icy
D:12:     layout_gridville, hangedman_stone_soup, okawaru_metal_pillars_1_2
D:13:     layout_cave_pools
D:14:     layout_stronghold, hangedman_vaults_entry_quadrant_bands,
          dreamdust_mushroom_princess
D:15:     hangedman_depths_entry_civil_slaughter, layout_long_grid,
          good_gods_temple_1
Lair:1:   layout_roguey, st_stairs_11, chequers_serial_rivers_room_b,
          beast_lair_carwin_5, lemuel_fruit_fields
Lair:2:   layout_regular_city, elwin_shoals_entry_rooms,
          nicolae_snake_entry_squirm, basic_altar, beast_lair_carwin_10
Lair:3:   layout_cave_pods, lemuel_fruit_tree
Lair:4:   gammafunk_cloud_chamber, layout_cellular_growth,
          dpeg_slime_entry_enclosed, st_stairs_10, nicolae_lair_grazing_beasts
          [nicolae_sub_lair_graze_edge, nicolae_sub_lair_graze_edge,
          nicolae_sub_lair_graze_edge, nicolae_sub_lair_graze_edge]
Lair:5:   minmay_lair_end_enchanted_forest, layout_hall_layers,
          portal_ice_cave_entry_imps, chequers_serial_rivers_small_3,
          minivault_11
Shoals:1: layout_shoals, nicolae_shoals_enchanted_isle
Shoals:2: layout_shoals, uniq_mlioglotl
Shoals:3: dreamdust_from_the_deep, layout_shoals,
          nicolae_shoals_water_elemental_grotto, uniq_polyphemus
Shoals:4: shoals_end_simple, layout_shoals, shoal_ilsuiw, serial_shops, shop
Snake:1:  layout_misc_corridors, nicolae_shop_firing_range, uniq_rupert
Snake:2:  layout_basic, special_room, drop_trap
Snake:3:  nrook_guardian_serpent_snake_passage, layout_cave_pods, basic_altar,
          serial_bayou, serial_bayou_pond_b, serial_bayou_pond_c,
          serial_bayou_shore_a, serial_bayou_pond_a, serial_bayou_lake_a,
          serial_bayou_shore_b, uniq_kirke
Orc:1:    layout_caves, uniq_urug, uniq_erica
Orc:2:    st_orc_open, layout_caves, mines1_david

Skill      XL: |  1  2  3  4  5  6  7  8  9 10 11 12 13 14 15 16 17 |
---------------+----------------------------------------------------+-----
Hexes          | 4 |  4.7
Polearms       | 1 3 5 6 7 9 11 12 14 15 16 17 | 17.7
Invocations    | 2 6 8 9 12 14 15 | 15.4
Armour         | 3 5 7 9 |  9.6
Fighting       | 3 6 9 11 13 14 15 16 | 16.9
Evocations     | 3 4 9 11 | 11.9
Dodging        | 5 6 |  6.1
Shields        | 6 |  6.3
Ranged Weapons | |  1.7
Spellcasting   | |  1.0

Action                     |  1- 3 |  4- 6 |  7- 9 | 10-12 | 13-15 | 16-18 || total
---------------------------+-------+-------+-------+-------+-------+-------++-------
  Melee: Spear             |       |    42 |       |       |       |       ||    42
         Dagger            |       |   104 |   132 |       |       |       ||   236
         Punch             |       |     2 |     2 |       |       |       ||     4
         Bardiche          |       |       |   193 |   535 |  1425 |   653 ||  2806
         Kick              |       |       |       |    40 |   172 |   293 ||   505
         Trident           |       |       |       |    10 |       |       ||    10
         Glaive            |       |       |       |     8 |    71 |       ||    79
         Demon trident     |       |       |       |       |       |   561 ||   561
   Fire: Sling             |   155 |    64 |       |       |       |       ||   219
  Throw: Javelin           |       |     6 |     4 |       |     4 |       ||    14
         Throwing net      |       |     1 |       |       |       |       ||     1
   Cast: Slow              |     3 |    17 |       |       |       |       ||    20
 Invoke: Minor Destruction |       |       |     5 |    36 |    70 |       ||   111
         Lesser Servant of |       |       |     2 |    11 |    30 |       ||    43
         Major Destruction |       |       |       |       |     9 |       ||     9
         Depart the Abyss  |       |       |       |       |     1 |       ||     1
         Banish            |       |       |       |       |       |     6 ||     6
         Corrupt           |       |       |       |       |       |     1 ||     1
  Evoke: Wand              |       |       |       |     1 |    18 |    67 ||    86
         Phantom mirror    |       |       |       |       |       |     2 ||     2
         Box of beasts     |       |       |       |       |       |     1 ||     1
    Use: Scroll            |       |     6 |     5 |     8 |    15 |     8 ||    42
         Potion            |       |     3 |     1 |     8 |     5 |     8 ||    25
   Stab: Distracted        |       |       |       |     2 |     7 |     3 ||    12
 Armour: Robe              |    33 |    27 |       |       |       |       ||    60
         Skin              |       |    13 |       |       |       |       ||    13
         Ring mail         |       |    40 |   141 |       |       |       ||   181
         Scale mail        |       |       |    26 |   269 |       |       ||   295
         Leather armour    |       |       |       |    22 |   293 |       ||   315
         Ice dragon scales |       |       |       |       |   155 |       ||   155
         Chain mail        |       |       |       |       |   958 |   885 ||  1843
  Dodge: Dodged            |    48 |    95 |   153 |   234 |   780 |   529 ||  1839
  Block: Other             |       |       |    42 |    65 |   309 |   125 ||   541
         Buckler           |       |       |       |       |       |   253 ||   253
